 Dungeon Crawl Stone Soup version 0.21-a0-583-g2c32b0f (webtiles) character file.

65754 TheGoonsmith the Unseen (level 14, -11/72 HPs)
             Began as a Spriggan Enchanter on Dec 19, 2017.
             Was an Initiate of Gozag.
             Hit by a large rock thrown by a stone giant (27 damage)
             ... on level 1 of the Orcish Mines.
             The game lasted 00:58:17 (23385 turns).

TheGoonsmith the Unseen (Spriggan Enchanter)       Turns: 23385, Time: 00:58:17

Health: -11/72     AC:  5    Str:  8    XL:     14   Next: 76%
Magic:  25/25      EV: 29    Int: 19    God:    Gozag
Gold:   2180       SH: 10    Dex: 19    Spells: 15/27 levels left

rFire    + . .     SeeInvis +   a - +3 dagger (vamp)
rCold    . . .     Gourm    .   I - +2 buckler "Oweckoc" {Str+4}
rNeg     + . .     Faith    .   y - +2 robe {MR+}
rPois    .         Spirit   .   (helmet restricted)
rElec    .         Reflect  .   T - +0 cloak
rCorr    .         Harm     .   (gloves unavailable)
MR       +++..                  (boots unavailable)
Stlth    ++++++....             k - amulet of magic regeneration
HPRegen  0.22/turn              S - ring of positive energy
MPRegen  0.44/turn              E - ring of protection from fire

@: drained, very quick
A: very small, unfitting armour, see invisible, herbivore, speed 3, slow
metabolism 2
a: Potion Petition, Call Merchant, Bribe Branch, Renounce Religion


You were on level 1 of the Orcish Mines.
You worshipped Gozag.
Gozag was most pleased with you.
You were hungry.

You visited 3 branches of the dungeon, and saw 16 of its levels.
You also visited: Volcano.

You collected 4217 gold pieces.
You spent 1990 gold pieces at shops.
You paid 47 gold pieces to Gozag.

Inventory:

Hand Weapons
 a - a +3 vampiric dagger (weapon)
 b - a +0 blowgun
 l - a +0 short sword of electrocution
Missiles
 e - 110 poisoned needles
Armour
 y - a +2 robe of magic resistance (worn)
 I - the +2 buckler "Oweckoc" (worn) {Str+4}
   (You found it on level 3 of the Lair of Beasts)

   It affects your strength (+4).
 T - a +0 cloak (worn)
Jewellery
 k - an amulet of magic regeneration (around neck)
 E - a ring of protection from fire (right hand)
 S - a ring of positive energy (left hand)
Wands
 q - a wand of iceblast (13)
 t - a wand of scattershot (1)
 u - a wand of paralysis (6)
 H - a wand of disintegration (10)
 N - a wand of enslavement (17)
 O - a wand of flame (45)
 W - a wand of polymorph (17)
Scrolls
 i - 7 scrolls of teleportation
 p - 7 scrolls of remove curse
 r - 14 scrolls of identify
 z - 5 scrolls of fog
 C - a scroll of magic mapping
 Q - 3 scrolls of enchant weapon
 U - 3 scrolls of blinking
Potions
 f - 3 potions of flight
 g - 3 potions of cancellation
 m - a potion of haste
 n - 2 potions of might
 o - 5 potions of resistance
 s - 2 potions of agility
 w - a potion of heal wounds
 A - 3 potions of curing
 D - a potion of ambrosia
 P - 3 potions of brilliance
Books
 c - a book of Clouds

   Spells                             Type                      Level
   a - Poisonous Vapours              Poison/Air                   2
   b - Mephitic Cloud                 Conjuration/Poison/Air       3
   c - Conjure Flame                  Conjuration/Fire             3
   d - Freezing Cloud                 Conjuration/Ice/Air          6
   e - Ring of Flames                 Charms/Fire                  7
Miscellaneous
 v - 2 boxes of beasts
 K - a lamp of fire
 L - a phial of floods
 M - a lightning rod (4/4)
Comestibles
 d - 26 rations


   Skills:
 - Level 7.0 Fighting
 - Level 10.0(9.9) Short Blades
 - Level 4.1(4.0) Throwing
 - Level 12.1(12.0) Dodging
 - Level 16.1 Stealth
 + Level 6.7 Shields
 - Level 7.0(6.9) Spellcasting
 - Level 10.0(9.9) Hexes
 - Level 13.0 Evocations


You had 15 spell levels left.
You knew the following spells:

 Your Spells              Type           Power        Failure   Level  Hunger
a - Cause Fear            Hex            #####.....   1%          4    ###....
b - Ensorcelled Hibernat  Hex/Ice        ####..       1%          2    None
c - Confuse               Hex            #####...     1%          3    #......
z - Tukima's Dance        Hex            #####...     1%          3    #......


Dungeon Overview and Level Annotations

Branches:
Dungeon (9/15)             Temple (0/1) D:5            Lair (6/6) D:8
  Swamp (0/4) Lair:2       Spider (0/4) Lair:2        Slime (0/5) Lair:6
    Orc (1/2) D:9

Altars:
Dithmenos
Elyvilon
Gozag
Hepliaklqana
Kikubaaqudgha
Makhleb
Nemelex Xobeh
Okawaru
Sif Muna
Trog
Vehumet
Xom

Shops:
D:4 (}


Innate Abilities, Weirdness & Mutations

You are very small and have problems with some larger weapons.
You are too small for most types of armour.
You have supernaturally acute eyesight. (SInv)
You are a herbivore.
You cover ground extremely quickly.
You need consume almost no food.


Message History

The orc warrior is lightly wounded.
The orc completely misses you. The orc hits you but does no damage.
You block the orc warrior's attack.
You hit the orc warrior but do no damage.
The orc warrior is lightly wounded.
You closely miss the orc warrior.
The orc warrior is lightly wounded.
The orc misses you.
The stone giant throws a large rock.
The large rock hits you!!
The orc sorcerer shouts, "Entram moth deg ulag!"
You barely miss the orc warrior.
The orc warrior is lightly wounded.
The orc warrior hits you with a dire flail!!
* * * LOW HITPOINT WARNING * * *
The orc closely misses you.
You are too injured to fight recklessly!
You block the orc's attack.
The stone giant throws a large rock.
The large rock hits you!!
You die...
Your body crumbles into a pile of gold.

#....#..#.#
###..........
##............
##.............
#.......>...C..
...............
...............
..$....<......#
.##.#..@....##.
#.o........
##ooo......
#..........
#......#....$
#............
##.....##.$.#
##....# ....
###..# ...


You could see a stone giant, an orc sorcerer, an orc warrior and 2 orcs.

Vanquished Creatures
  5 hydras
  Erica (Lair:2)
  A catoblepas (Lair:6)
  A two-headed ogre (D:9)
  The ghost of FivePercentEmpty the Destroyer, a novice DEFE of Vehumet (D:9)
  A lindwurm (Lair:5)
  A manticore (D:6)
  6 elephants (Lair:5)
  A molten gargoyle (Volcano)
  3 black mambas
  3 gargoyles (Volcano)
  23 spiny frogs
  3 komodo dragons
  2 rime drakes
  2 jumping spiders (Lair:2)
  3 tyrant leeches (Lair:6)
  5 polar bears
  Grinder (D:3)
  3 hippogriffs
  28 blink frogs
  A redback (Lair:2)
  Sigmund (D:3)
  3 wyverns
  45 yaks
  3 basilisks
  6 vampire mosquitoes (Lair:6)
  3 insubstantial wisps (Lair:2)
  9 water moccasins
  8 porcupines
  3 ice beasts
  3 sky beasts
  2 black bears
  2 orc warriors
  2 phantoms
  An ogre (D:6)
  9 crocodiles
  A big kobold (D:8)
  15 bullfrogs
  3 scorpions
  6 killer bees
  2 electric eels (Lair:6)
  3 crimson imps
  An orc priest (D:9)
  3 hounds
  12 jellies
  2 quasits (D:9)
  13 orc wizards
  2 bullfrog skeletons (D:4)
  2 iguanas
  Terence (D:2)
  8 worker ants
  A killer bee zombie (D:6)
  A hound skeleton (D:9)
  Robin (D:2)
  A howler monkey zombie (D:8)
  A worker ant zombie (D:8)
  8 adders
  4 gnolls (D:7)
  A shadow imp (D:5)
  5 oozes
  An adder skeleton (D:5)
  2 worms
  A dart slug (D:2)
  9 leopard geckos
  41 orcs
  7 giant cockroaches
  13 goblins
  10 hobgoblins
  3 jackals
  13 kobolds
  3 quokkas
  A ball python (D:1)
  5 bats
  10 frilled lizards
  A jackal skeleton (D:5)
  7 rats
  A fungus (Lair:2)
  A plant (Lair:6)
421 creatures vanquished.

Vanquished Creatures (collateral kills)
  3 ogres
  An orc wizard (D:9)
  An iguana (D:9)
  2 gnolls (D:5)
  3 orcs (D:9)
10 creatures vanquished.

Vanquished Creatures (others)
  A yak (Lair:2)
  A dancing weapon (D:6)
  9 fungi
  37 plants (Lair:6)
48 creatures vanquished.

Grand Total: 479 creatures vanquished

Notes
Turn   | Place    | Note
-------+----------+-------------------------------------------
     0 | D:1      | TheGoonsmith the Spriggan Enchanter began the quest for the Orb.
     0 | D:1      | Reached XP level 1. HP: 9/9 MP: 5/5
   258 | D:1      | Reached XP level 2. HP: 8/13 MP: 6/6
   691 | D:1      | Learned a level 2 spell: Ensorcelled Hibernation
  1259 | D:2      | Noticed Terence
  1277 | D:2      | Killed Terence
  1277 | D:2      | Reached skill level 5 in Stealth
  1277 | D:2      | Reached XP level 3. HP: 8/16 MP: 3/8
  1984 | D:2      | Reached XP level 4. HP: 15/21 MP: 5/10
  2213 | D:2      | Noticed Robin
  2497 | D:2      | Learned a level 3 spell: Confuse
  2501 | D:2      | Learned a level 3 spell: Tukima's Dance
  2584 | D:1      | HP: 1/31 [poisoned by Robin]
  2589 | D:1      | HP: 1/21 [poisoned by Robin]
  2890 | D:2      | Killed Robin
  3760 | D:3      | Found an opulent altar of Gozag.
  3807 | D:3      | Became a worshipper of Gozag Ym Sagoz the Greedy
  3891 | D:3      | Noticed Sigmund
  3902 | D:3      | Killed Sigmund
  3902 | D:3      | Reached skill level 6 in Stealth
  3902 | D:3      | Reached XP level 5. HP: 14/24 MP: 2/12
  4035 | D:3      | Noticed Grinder
  4046 | D:3      | Reached XP level 6. HP: 27/28 MP: 13/13
  4058 | D:3      | Killed Grinder
  4058 | D:3      | Reached skill level 5 in Dodging
  4058 | D:3      | Reached skill level 5 in Hexes
  4597 | D:4      | Found Atyghum's Antique Weapon Boutique.
  4621 | D:4      | Found Myxzyid's Gadget Shoppe.
  4697 | D:4      | Reached XP level 7. HP: 20/32 MP: 6/15
  5027 | D:4      | Reached skill level 7 in Stealth
  5073 | D:4      | Reached skill level 5 in Spellcasting
  5353 | D:5      | Entered Level 5 of the Dungeon
  5668 | D:5      | Found a staircase to the Ecumenical Temple.
  5919 | D:5      | Found a radiant altar of Vehumet.
  5933 | D:5      | Found a sparkling altar of Nemelex Xobeh.
  5942 | D:5      | Reached skill level 8 in Stealth
  6232 | D:5      | Reached XP level 8. HP: 26/36 MP: 16/16
  6314 | D:5      | Found a bloodstained altar of Trog.
  6479 | D:4      | Bought a wand of scattershot (3) for 210 gold pieces
  6479 | D:4      | Bought a wand of paralysis (6) for 80 gold pieces
  6479 | D:4      | Bought a box of beasts for 200 gold pieces
  6527 | D:6      | Reached skill level 1 in Evocations
  6602 | D:6      | Reached skill level 1 in Fighting
  7087 | D:6      | Noticed a manticore
  7363 | D:6      | Killed a manticore
  7466 | D:6      | Reached XP level 9. HP: 28/42 MP: 14/17
  7625 | D:6      | Found a hazy altar of Hepliaklqana.
  8870 | D:7      | Found a shimmering altar of Xom.
  9062 | D:7      | Reached skill level 5 in Short Blades
  9596 | D:8      | Found a deep blue altar of Sif Muna.
 10149 | D:8      | Reached skill level 9 in Stealth
 10690 | D:8      | Found a staircase to the Lair.
 10735 | D:8      | Reached XP level 10. HP: 37/49 MP: 18/18
 10881 | Lair:1   | Entered Level 1 of the Lair of Beasts
 10902 | Lair:1   | Noticed a spiny frog
 10909 | Lair:1   | Killed a spiny frog
 10926 | Lair:1   | Reached skill level 10 in Stealth
 10996 | Lair:1   | Reached skill level 10 in Dodging
 11037 | Lair:1   | Reached skill level 11 in Stealth
 11155 | Lair:1   | Noticed a spiny frog
 11222 | Lair:1   | Killed a spiny frog
 11222 | Lair:1   | Reached skill level 12 in Stealth
 11651 | Lair:1   | Reached skill level 1 in Throwing
 12475 | Lair:2   | Reached XP level 11. HP: 23/53 MP: 15/19
 12716 | Lair:2   | Noticed Erica
 12730 | Lair:2   | Killed Erica
 13152 | Lair:2   | Found a staircase to the Swamp.
 13604 | Lair:2   | Reached skill level 5 in Fighting
 13604 | Lair:2   | Reached skill level 13 in Stealth
 13856 | Lair:2   | Found a hole to the Spider Nest.
 14587 | Lair:3   | Got a distressingly furry buckler
 14588 | Lair:3   | Identified the +2 buckler "Oweckoc" {Str+4} (You found it on level 3 of the Lair of Beasts)
 14590 | Lair:3   | Noticed a five-headed hydra
 14599 | Lair:3   | Killed a five-headed hydra
 14599 | Lair:3   | Reached skill level 14 in Stealth
 14712 | Lair:3   | Reached skill level 10 in Short Blades
 15111 | Lair:3   | Learned a level 4 spell: Cause Fear
 15426 | D:4      | Bought a box of beasts for 200 gold pieces
 15426 | D:4      | Bought a lamp of fire for 400 gold pieces
 15426 | D:4      | Bought a wand of iceblast (6) for 100 gold pieces
 15426 | D:4      | Bought a phial of floods for 400 gold pieces
 15426 | D:4      | Bought a lightning rod (4/4) for 400 gold pieces
 15655 | Lair:4   | Reached XP level 12. HP: 60/60 MP: 15/20
 15778 | Lair:4   | Noticed a four-headed hydra
 15785 | Lair:4   | Killed a four-headed hydra
 15785 | Lair:4   | Reached skill level 15 in Stealth
 15942 | Lair:4   | Noticed a seven-headed hydra
 15970 | Lair:4   | Killed a seven-headed hydra
 16673 | Lair:5   | Found a dark tunnel.
 16682 | Volcano  | Entered a volcano
 17048 | Lair:5   | Reached skill level 10 in Evocations
 17315 | Lair:5   | Reached skill level 10 in Hexes
 17748 | Lair:6   | Entered Level 6 of the Lair of Beasts
 17878 | Lair:6   | Noticed a catoblepas
 18319 | Lair:6   | Killed a catoblepas
 18319 | Lair:6   | Reached XP level 13. HP: 20/67 MP: 24/24
 18999 | Lair:6   | Reached skill level 1 in Shields
 20599 | Lair:6   | Reached skill level 5 in Shields
 21645 | Lair:6   | Found a staircase to the Slime Pits.
 21996 | Lair:6   | Reached skill level 16 in Stealth
 21996 | Lair:6   | Reached XP level 14. HP: 72/72 MP: 25/25
 22303 | D:9      | Noticed FivePercentEmpty's ghost (novice DEFE)
 22330 | D:9      | Killed FivePercentEmpty's ghost
 22515 | D:9      | Found an iron altar of Okawaru.
 22570 | D:9      | Found a white marble altar of Elyvilon.
 22570 | D:9      | Found an ancient bone altar of Kikubaaqudgha.
 22579 | D:9      | Found a deep blue altar of Sif Muna.
 22582 | D:9      | Found a burning altar of Makhleb.
 22584 | D:9      | Found a shadowy altar of Dithmenos.
 22774 | D:9      | Found a staircase to the Orcish Mines.
 23372 | Orc:1    | Entered Level 1 of the Orcish Mines
 23372 | Orc:1    | Noticed a stone giant
 23385 | Orc:1    | Hit by a large rock thrown by a stone giant

Vault maps used:
D:1:      dpeg_arrival_windows_large_door, kennysheep_pointless_box,
          grunt_decor_arrowhead, minmay_octomino_c4
D:2:      first_ration, uniq_terence, uniq_robin
D:3:      grunt_gozag_breadcrumbs, uniq_grinder, uniq_sigmund
D:4:      serial_shops, nicolae_shop_window_shopping, shop
D:5:      lightli_temple_of_fire, lemuel_round_altar, temple_green,
          nemelex_xobeh_ov_fountains_minmay
D:6:      old_standard_altar
D:7:      marbit_many_paths
D:8:      cheibrodos_quashed, grunt_lair_entry_orc_guard_hut, basic_altar
D:9:      kennysheep_mini, chequers_temple_overflow_minitemple, orc_david_3
Lair:1:   lemuel_fruit_fields, serial_bayou_shore_a
Lair:2:   minmay_swamp_entry_wisps, spider_nest_entry_funnel_web,
          lemuel_fruit_tree, grunt_megastairs_1, uniq_erica
Lair:4:   minmay_holes
Lair:5:   nicolae_volcano_entry_vermiform, cheibrodos_lair_lostbears
Lair:6:   minmay_lair_end_frog_pond, minmay_slime_entry_jelly_boxes
Orc:1:    serial_shops, shop
Volcano:  volcano_overflow

Skill      XL: |  1  2  3  4  5  6  7  8  9 10 11 12 13 |
---------------+----------------------------------------+-----
Spellcasting   | 3 4 5 7 |  7.0
Stealth        | 5 6 8 9 12 14 15 16 | 16.1
Hexes          | 4 5 6 8 10 | 10.0
Short Blades   | 2 3 4 6 8 10 | 10.0
Dodging        | 4 5 7 8 9 10 12 | 12.1
Evocations     | 8 10 13 | 13.0
Fighting       | 2 3 4 5 7 |  7.0
Throwing       | 4 |  4.1
Shields        | 6 |  6.7

Action                   |  1- 3 |  4- 6 |  7- 9 | 10-12 | 13-15 || total
-------------------------+-------+-------+-------+-------+-------++-------
Melee: Dagger            |   140 |    61 |   474 |   516 |   542 ||  1733
       Short sword       |       |    62 |       |       |       ||    62
 Fire: Blowgun           |       |       |       |    24 |       ||    24
 Cast: Corona            |     4 |       |       |       |       ||     4
       Ensorcelled Hiber |     7 |     4 |     1 |     6 |    10 ||    28
       Confuse           |       |     8 |    46 |   112 |   133 ||   299
       Tukima's Dance    |       |     3 |    13 |       |     7 ||    23
       Cause Fear        |       |       |       |     1 |     2 ||     3
Evoke: Wand              |       |       |       |    24 |       ||    24
  Use: Scroll            |       |     9 |     8 |     7 |     5 ||    29
       Potion            |       |     2 |       |       |     1 ||     3
 Stab: Sleeping          |    12 |     5 |    32 |    23 |     5 ||    77
       Confused          |       |     6 |    11 |    59 |    55 ||   131
       Distracted        |       |       |     5 |     7 |     7 ||    19
       Petrified         |       |       |       |     2 |     1 ||     3
       Fleeing           |       |       |       |       |     1 ||     1
  Eat: Ration            |       |     1 |     5 |     7 |     4 ||    17
Armor: Robe              |    12 |    10 |     5 |     8 |     9 ||    44
Dodge: Dodged            |   106 |    68 |   319 |   241 |   227 ||   961
Block: Buckler           |       |       |       |       |    47 ||    47

Table legend:
 A = Spawn XP
 B = Non-spawn XP
 C = Spawn XP percentage of total XP
 D = Spawn monster count
 E = Non-spawn monster count
 F = Spawn count percentage of total count
 G = Total turns spent on level
                    A         B        C        D         E        F      G
               +---------+---------+-------+---------+---------+-------+---------
         Total |       0 |   59029 |   0.0 |       0 |     430 |   0.0 | 23385
               +---------+---------+-------+---------+---------+-------+---------
           D:1 |       0 |      26 |   0.0 |       0 |      17 |   0.0 |  1924
           D:2 |       0 |     137 |   0.0 |       0 |      41 |   0.0 |  1411
           D:3 |       0 |     498 |   0.0 |       0 |      12 |   0.0 |  1319
           D:4 |       0 |     495 |   0.0 |       0 |      22 |   0.0 |   928
           D:5 |       0 |     286 |   0.0 |       0 |      20 |   0.0 |  1114
           D:6 |       0 |    1690 |   0.0 |       0 |      35 |   0.0 |  1851
           D:7 |       0 |     880 |   0.0 |       0 |      23 |   0.0 |  1440
           D:8 |       0 |    1520 |   0.0 |       0 |      27 |   0.0 |  1198
           D:9 |       0 |    2296 |   0.0 |       0 |      34 |   0.0 |  1099
        Lair:1 |       0 |    5375 |   0.0 |       0 |      25 |   0.0 |  2132
        Lair:2 |       0 |    7934 |   0.0 |       0 |      35 |   0.0 |  1486
        Lair:3 |       0 |    2688 |   0.0 |       0 |       9 |   0.0 |   846
        Lair:4 |       0 |    4853 |   0.0 |       0 |      16 |   0.0 |   899
        Lair:5 |       0 |    8814 |   0.0 |       0 |      26 |   0.0 |  2701
        Lair:6 |       0 |   19785 |   0.0 |       0 |      84 |   0.0 |  2803
       Volcano |       0 |    1752 |   0.0 |       0 |       4 |   0.0 |   221
               +---------+---------+-------+---------+---------+-------+---------
